TOP OF THE 1ST |
Lake Minnetonka Love Boats batting - Pitching for Marquette Miners : RHP James Bennett
|
Pitching: RHP James Bennett
|
|
Batting: LHB Tom Haymon
|
0-0: Ball 1-0: Foul Ball, location: 2F 1-1: Foul Ball, location: 2F 1-2: Foul Ball, location: 2F 1-2: Foul Ball, location: 2F 1-2: Ball 2-2: Foul Ball, location: 2F 2-2: Foul Ball, location: 2F 2-2: Foul Ball, location: 2F 2-2: Foul Ball, location: 2F 2-2: SINGLE (Line Drive, 34D)
|
Batting: RHB Guillermo Carrizales
|
0-0: Fly out, F8 (Flyball, 8LXD)
|
Batting: RHB Mario van Heijbeeck
|
0-0: Ball 1-0: Called Strike 1-1: SINGLE (Groundball, 56D) Tom Haymon to second
|
Batting: RHB Michael Sweeney
|
0-0: Ball 1-0: Called Strike 1-1: Foul Ball, location: 2F 1-2: Ball 2-2: Foul Ball, location: 2F 2-2: Ball 3-2: SINGLE (Line Drive, 34D) Tom Haymon to third Mario van Heijbeeck to second
|
Batting: SHB Tommy Dreamer
|
0-0: Called Strike 0-1: Swinging Strike 0-2: Ball 1-2: Ball 2-2: Strikes out looking
|
Batting: RHB Hatui Haunani
|
0-0: Called Strike 0-1: Called Strike 0-2: Ball 1-2: Strikes out swinging
|
Top of the 1st over - 0 runs, 3 hits, 0 errors, 3 left on base; Lake Minnetonka 0 - Marquette 0 |
BOTTOM OF THE 1ST |
Marquette Miners batting - Pitching for Lake Minnetonka Love Boats : RHP Dylan Telford
|
Pitching: RHP Dylan Telford
|
|
Batting: RHB Sameen Shaw
|
0-0: Ball 1-0: Ball 2-0: Ball 3-0: Base on Balls
|
Batting: RHB Asko Riikonen
|
0-0: Called Strike 0-1: Ball 1-1: Foul Ball, location: 2F 1-2: Ball 2-2: Ball 3-2: Base on Balls Sameen Shaw to second
|
Batting: RHB Brock Dean
|
0-0: Ball 1-0: Ball 2-0: Ball 3-0: Base on Balls Sameen Shaw to third Asko Riikonen to second
|
Batting: RHB Franklin Kelley
|
0-0: Called Strike 0-1: Fly out, F6 (Line Drive, 56)
|
Batting: RHB Eli Cline
|
0-0: Ball 1-0: Grounds into fielders choice 2-2 (Groundball, 15S) Asko Riikonen to third Brock Dean to second
|
Batting: RHB Andrew Cantrell
|
0-0: Called Strike 0-1: Ball 1-1: Foul Ball, location: 2F 1-2: SINGLE (Groundball, 56S) (infield hit) Asko Riikonen scores Brock Dean to third Eli Cline to second
|
Batting: RHB Mark Keys
|
0-0: Ball 1-0: Foul Ball, location: 2F 1-1: Ball 2-1: Swinging Strike 2-2: Foul Ball, location: 2F 2-2: Foul Ball, location: 2F 2-2: Ball 3-2: Foul Ball, location: 2F 3-2: Base on Balls Brock Dean scores Eli Cline to third Andrew Cantrell to second
|
Batting: RHB Ryan French
|
0-0: Ball 1-0: Called Strike 1-1: Swinging Strike 1-2: Ground out 6-3 (Groundball, 6)
|
Bottom of the 1st over - 2 runs, 1 hit, 0 errors, 3 left on base; Lake Minnetonka 0 - Marquette 2 |
TOP OF THE 2ND |
Lake Minnetonka Love Boats batting - Pitching for Marquette Miners : RHP James Bennett
|
Batting: RHB Francisco Guerra
|
0-0: Called Strike 0-1: Fly out, F9 (Flyball, 9)
|
Batting: RHB Mike Bean
|
0-0: Ball 1-0: Swinging Strike 1-1: Called Strike 1-2: Foul Ball, location: 2F 1-2: Ball 2-2: Strikes out swinging
|
Batting: RHB Yoshii Saikawa
|
0-0: Ball 1-0: Ball 2-0: Ball 3-0: Called Strike 3-1: Foul Ball, location: 2F 3-2: Base on Balls
|
Batting: LHB Tom Haymon
|
0-0: Foul Ball, location: 2F 0-1: Foul Ball, location: 2F 0-2: Fly out, F5 (Popup, 5S)
|
Top of the 2nd over - 0 runs, 0 hits, 0 errors, 1 left on base; Lake Minnetonka 0 - Marquette 2 |
BOTTOM OF THE 2ND |
Marquette Miners batting - Pitching for Lake Minnetonka Love Boats : RHP Dylan Telford
|
Batting: RHB Sang-hyuk Han
|
0-0: Called Strike 0-1: Ball 1-1: Called Strike 1-2: Ball 2-2: Ball 3-2: Foul Ball, location: 2F 3-2: Strikes out looking
|
Batting: RHB Sameen Shaw
|
0-0: Ball 1-0: Foul Ball, location: 2F 1-1: Ground out 6-3 (Groundball, 6S)
|
Batting: RHB Asko Riikonen
|
0-0: Ball 1-0: Ball 2-0: Fly out, F9 (Flyball, 89M)
|
Bottom of the 2nd over - 0 runs, 0 hits, 0 errors, 0 left on base; Lake Minnetonka 0 - Marquette 2 |
TOP OF THE 3RD |
Lake Minnetonka Love Boats batting - Pitching for Marquette Miners : RHP James Bennett
|
Batting: RHB Guillermo Carrizales
|
0-0: Ball 1-0: Ball 2-0: Called Strike 2-1: Foul Ball, location: 2F 2-2: Foul Ball, location: 2F 2-2: Strikes out swinging
|
Batting: RHB Mario van Heijbeeck
|
0-0: Foul Ball, location: 2F 0-1: Fly out, F4 (Popup, 4S)
|
Batting: RHB Michael Sweeney
|
0-0: Called Strike 0-1: Ball 1-1: Foul Ball, location: 2F 1-2: Ball 2-2: Fly out, F8 (Flyball, 8LS)
|
Top of the 3rd over - 0 runs, 0 hits, 0 errors, 0 left on base; Lake Minnetonka 0 - Marquette 2 |
TOP OF THE 4TH |
Lake Minnetonka Love Boats batting - Pitching for Marquette Miners : RHP James Bennett
|
Batting: SHB Tommy Dreamer
|
0-0: Called Strike 0-1: Swinging Strike 0-2: Foul Ball, location: 2F 0-2: Foul Ball, location: 2F 0-2: Ball 1-2: Ball 2-2: Foul Ball, location: 2F 2-2: SOLO HOME RUN (Flyball, 9D), Distance : 378 ft
|
Batting: RHB Hatui Haunani
|
0-0: Swinging Strike 0-1: DOUBLE (Line Drive, 7D)
|
Batting: RHB Francisco Guerra
|
0-0: Ball 1-0: Ball 2-0: Called Strike 2-1: Ground out 6-3 (Groundball, 6S) Hatui Haunani to third
|
Batting: RHB Mike Bean
|
0-0: Called Strike 0-1: Ball 1-1: Called Strike 1-2: Fly out, F8 (Flyball, 8RM) Runner from 3rd tags up, OUT at HOME
|
Top of the 4th over - 1 run, 2 hits, 0 errors, 0 left on base; Lake Minnetonka 1 - Marquette 5 |
BOTTOM OF THE 4TH |
Marquette Miners batting - Pitching for Lake Minnetonka Love Boats : RHP Dylan Telford
|
Batting: RHB Sameen Shaw
|
0-0: Ball 1-0: Ball 2-0: Called Strike 2-1: Fly out, F6 (Line Drive, 6)
|
Batting: RHB Asko Riikonen
|
0-0: Foul Ball, location: 2F 0-1: Ball 1-1: Ground out 5-3 (Groundball, 56S)
|
Batting: RHB Brock Dean
|
0-0: Fly out, F8 (Flyball, 78D)
|
Bottom of the 4th over - 0 runs, 0 hits, 0 errors, 0 left on base; Lake Minnetonka 1 - Marquette 5 |
TOP OF THE 5TH |
Lake Minnetonka Love Boats batting - Pitching for Marquette Miners : RHP James Bennett
|
Batting: RHB Yoshii Saikawa
|
0-0: Fly out, F8 (Flyball, 89D)
|
Batting: LHB Tom Haymon
|
0-0: Called Strike 0-1: Foul Ball, location: 2F 0-2: Ball 1-2: Strikes out swinging
|
Batting: RHB Guillermo Carrizales
|
0-0: Fly out, F8 (Flyball, 8LXD)
|
Top of the 5th over - 0 runs, 0 hits, 0 errors, 0 left on base; Lake Minnetonka 1 - Marquette 5 |
BOTTOM OF THE 5TH |
Marquette Miners batting - Pitching for Lake Minnetonka Love Boats : RHP Dylan Telford
|
Batting: RHB Franklin Kelley
|
0-0: Called Strike 0-1: Ball 1-1: Ball 2-1: Swinging Strike 2-2: SINGLE (Line Drive, 8LS)
|
Batting: RHB Eli Cline
|
0-0: Ball 1-0: Called Strike 1-1: Foul Ball, location: 2F 1-2: Foul Ball, location: 2F 1-2: Ball 2-2: Ball 3-2: DOUBLE (Line Drive, 89D) Franklin Kelley to third Runner from 3rd tries for Home, SAFE, throw made at trailing runner, OUT at third!
|
Batting: RHB Andrew Cantrell
|
0-0: Ball 1-0: Fly out, F6 (Line Drive, 6M)
|
Batting: RHB Mark Keys
|
0-0: Ball 1-0: Ball 2-0: Foul Ball, location: 2F 2-1: Ball 3-1: Base on Balls
|
Batting: RHB Ryan French
|
0-0: Ball 1-0: Swinging Strike 1-1: Called Strike 1-2: Ground out 1-3 (Groundball, 13S)
|
Bottom of the 5th over - 1 run, 2 hits, 0 errors, 1 left on base; Lake Minnetonka 1 - Marquette 6 |
TOP OF THE 6TH |
Lake Minnetonka Love Boats batting - Pitching for Marquette Miners : RHP James Bennett
|
Batting: RHB Mario van Heijbeeck
|
0-0: Ball 1-0: Ball 2-0: Called Strike 2-1: Called Strike 2-2: Strikes out swinging
|
Batting: RHB Michael Sweeney
|
0-0: Ball 1-0: Ball 2-0: Foul Ball, location: 2F 2-1: Ball 3-1: Foul Ball, location: 2F 3-2: Strikes out looking
|
Batting: SHB Tommy Dreamer
|
0-0: Ball 1-0: Ball 2-0: Ball 3-0: Called Strike 3-1: Foul Ball, location: 2F 3-2: Ground out 4-3 (Groundball, 4MD)
|
Top of the 6th over - 0 runs, 0 hits, 0 errors, 0 left on base; Lake Minnetonka 1 - Marquette 6 |
BOTTOM OF THE 6TH |
Marquette Miners batting - Pitching for Lake Minnetonka Love Boats : RHP Dylan Telford
|
Pitching: RHP Augusto Rumina
|
|
Batting: RHB Sang-hyuk Han
|
0-0: Foul Ball, location: 2F 0-1: Foul Ball, location: 2F 0-2: Fly out, F4 (Popup, 4)
|
Batting: RHB Sameen Shaw
|
0-0: Called Strike 0-1: Swinging Strike 0-2: Ball 1-2: Ball 2-2: Ball 3-2: SINGLE (Line Drive, 4MD)
|
Batting: RHB Asko Riikonen
|
0-0: SINGLE (Flyball, 7S) Sameen Shaw to second
|
Batting: RHB Brock Dean
|
0-0: Foul Ball, location: 2F 0-1: SINGLE (Line Drive, 6MD) Sameen Shaw to third Asko Riikonen to second
|
Batting: RHB Franklin Kelley
|
0-0: Ball 1-0: Ball 2-0: Ball 3-0: Base on Balls Sameen Shaw scores Asko Riikonen to third Brock Dean to second
|
Batting: RHB Eli Cline
|
0-0: Called Strike 0-1: Called Strike 0-2: Ball 1-2: SINGLE (Groundball, 34S) (infield hit) Asko Riikonen scores Brock Dean to third Franklin Kelley to second
|
Batting: RHB Andrew Cantrell
|
0-0: Called Strike 0-1: Ball 1-1: Foul Ball, location: 2F 1-2: Ball 2-2: Ball 3-2: Grounds into double play, 6-4-3 (Groundball, 6)
|
Bottom of the 6th over - 2 runs, 4 hits, 0 errors, 2 left on base; Lake Minnetonka 1 - Marquette 8 |
TOP OF THE 7TH |
Lake Minnetonka Love Boats batting - Pitching for Marquette Miners : RHP James Bennett
|
Now in LF: Adam Khan
|
|
Batting: RHB Hatui Haunani
|
0-0: Called Strike 0-1: Ground out 3-1 (Groundball, 34S)
|
Batting: RHB Francisco Guerra
|
0-0: Ball 1-0: Ball 2-0: Fly out, F3 (Popup, 23F)
|
Batting: RHB Mike Bean
|
0-0: Ball 1-0: Called Strike 1-1: Called Strike 1-2: Ground out 4-3 (Groundball, 4)
|
Top of the 7th over - 0 runs, 0 hits, 0 errors, 0 left on base; Lake Minnetonka 1 - Marquette 8 |
BOTTOM OF THE 7TH |
Marquette Miners batting - Pitching for Lake Minnetonka Love Boats : RHP Augusto Rumina
|
Batting: RHB Mark Keys
|
0-0: Called Strike 0-1: Ball 1-1: Swinging Strike 1-2: Ground out 6-3 (Groundball, 6)
|
Batting: RHB Ryan French
|
0-0: Called Strike 0-1: Swinging Strike 0-2: Ball 1-2: Foul Ball, location: 2F 1-2: Fly out, F4 (Line Drive, 4)
|
Batting: RHB Sang-hyuk Han
|
0-0: Fly out, F9 (Flyball, 89M)
|
Bottom of the 7th over - 0 runs, 0 hits, 0 errors, 0 left on base; Lake Minnetonka 1 - Marquette 8 |
TOP OF THE 8TH |
Lake Minnetonka Love Boats batting - Pitching for Marquette Miners : RHP James Bennett
|
Pitching: RHP James Neutron
|
|
Now at 1B: Miguel Angel Montaņo
|
|
Batting: RHB Yoshii Saikawa
|
0-0: Called Strike 0-1: Ball 1-1: Ball 2-1: Foul Ball, location: 2F 2-2: Ground out 4-3 (Groundball, 4)
|
Batting: LHB Tom Haymon
|
0-0: Ball 1-0: Called Strike 1-1: Foul Ball, location: 2F 1-2: Ball 2-2: Strikes out swinging
|
Batting: RHB Guillermo Carrizales
|
0-0: Ball 1-0: Fly out, F7 (Line Drive, 78M)
|
Top of the 8th over - 0 runs, 0 hits, 0 errors, 0 left on base; Lake Minnetonka 1 - Marquette 8 |
BOTTOM OF THE 8TH |
Marquette Miners batting - Pitching for Lake Minnetonka Love Boats : RHP Augusto Rumina
|
Batting: RHB Sameen Shaw
|
0-0: Called Strike 0-1: Foul Ball, location: 2F 0-2: Ball 1-2: Ball 2-2: SINGLE (Line Drive, 4D)
|
Batting: RHB Asko Riikonen
|
0-0: Swinging Strike 0-1: Called Strike Sameen Shaw steals 2nd base 0-2: Foul Ball, location: 2F 0-2: Ball 1-2: Ball 2-2: Fly out, F6 (Popup, 6M)
|
Batting: RHB Brock Dean
|
0-0: Fly out, F9 (Flyball, 9S)
|
Batting: RHB Franklin Kelley
|
0-0: Ball 1-0: Foul Ball, location: 2F 1-1: Called Strike 1-2: Ball 2-2: Foul Ball, location: 2F 2-2: SINGLE (Groundball, 6MD) Sameen Shaw to third Runner from 3rd tries for Home, SAFE, no throw
|
Batting: RHB Eli Cline
|
0-0: Called Strike 0-1: Called Strike 0-2: SINGLE (Groundball, 3D) Franklin Kelley to second Franklin Kelley to third
|
Batting: RHB Adam Khan
|
0-0: Ball 1-0: Ball 2-0: Foul Ball, location: 2F 2-1: Ball 3-1: Called Strike 3-2: Strikes out swinging
|
Bottom of the 8th over - 1 run, 3 hits, 0 errors, 2 left on base; Lake Minnetonka 1 - Marquette 9 |
TOP OF THE 9TH |
Lake Minnetonka Love Boats batting - Pitching for Marquette Miners : RHP James Neutron
|
Batting: RHB Mario van Heijbeeck
|
0-0: Fly out, F9 (Flyball, 9S)
|
Batting: RHB Michael Sweeney
|
0-0: Ball 1-0: Swinging Strike 1-1: Ball 2-1: Foul Ball, location: 2F 2-2: Strikes out swinging
|
Batting: SHB Tommy Dreamer
|
0-0: Ball 1-0: Called Strike 1-1: SINGLE (Groundball, 56D)
|
Batting: RHB Hatui Haunani
|
0-0: Ball 1-0: Called Strike 1-1: Ball 2-1: Ball 3-1: Base on Balls Tommy Dreamer to second
|
Batting: RHB Francisco Guerra
|
0-0: Ball 1-0: Called Strike 1-1: Foul Ball, location: 2F 1-2: Ball 2-2: Ground out 5-3 (Groundball, 2L)
|
Top of the 9th over - 0 runs, 1 hit, 0 errors, 2 left on base; Lake Minnetonka 1 - Marquette 9 |
|